 Dungeon Crawl Stone Soup version 0.17-a0-227-gf5308cc (webtiles) character file.

51 MrGream the Sneak (level 3, -1/25 HPs)
             Began as an Octopode Assassin on Mar 27, 2015.
             Slain by a goblin
             ... wielding a +0 dagger
             ... led by Robin
              (5 damage)
             ... on level 2 of the Dungeon on Mar 29, 2015.
             The game lasted 00:14:17 (1197 turns).

MrGream the Sneak (Octopode Assassin)               Turns: 1197, Time: 00:14:18

Health: -1/25      AC:  1    Str: 10    XL:     3   Next: 83%
Magic:  3/3        EV: 12    Int: 13    God:
Gold:   66         SH:  0    Dex: 17    Spells: 0 memorised, 2 levels left

rFire  . . .     SeeInvis .     a - +2 dagger
rCold  . . .     Clarity  .     (no shield)
rNeg   + . .     SustAb   .     (helmet restricted)
rPois  .         Gourm    .     h - amulet of warding
rElec  .         Spirit   .     c - +3 ring of dexterity
rCorr  .         Warding  +     (no ring)
rMut   .         Stasis   .     (no ring)
MR     .....                    (no ring)
Stlth  +++++.....               (no ring)
                                (no ring)
                                (no ring)
                                (no ring)

@: not resistant to hostile enchantments, quite stealthy
A: almost no armour, amphibious, 8 rings, constrict 8, camouflage 1, gelatinous
body 1
a: no special abilities


You were on level 2 of the Dungeon.
You were not hungry.

You visited 1 branch of the dungeon, and saw 2 of its levels.

You collected 66 gold pieces.

Inventory:

Hand weapons
 a - a +2 dagger (weapon)
 b - a +0 blowgun
 i - a +0 club
 p - a +0 short sword
 r - a +0 hand axe
Missiles
 d - 45 stones (quivered)
 e - 8 poisoned needles
 f - 2 curare-tipped needles
 j - 22 arrows
Armour
 k - a +0 ring mail
 l - a +0 chain mail
Jewellery
 c - a +3 ring of dexterity (left tentacle)
 h - an amulet of warding (around mantle)
Scrolls
 g - 2 scrolls of remove curse {unknown}
Potions
 n - 2 potions of lignification {unknown}
 o - a potion of curing {unknown}
 q - a potion of heal wounds {unknown}
Comestibles
 m - a bread ration


   Skills:
 + Level 2.6 Fighting
 + Level 2.4 Short Blades
 + Level 2.3 Throwing
 + Level 1.9 Dodging
 - Level 5.7 Stealth


You had 2 spell levels left.
You didn't know any spells.

Dungeon Overview and Level Annotations

Branches:
Dungeon (2/15)

Altars:

Annotations:
D:2 Robin


Innate Abilities, Weirdness & Mutations

You cannot wear most types of armour.
You are amphibious.
You can wear up to eight rings at the same time.
You can use your tentacles to constrict many enemies at once.
Your skin changes colour to match your surroundings (Stealth).
Your rubbery body absorbs attacks (AC +1).


Message History

The goblin misses you. The kobold hits you. The quokka closely misses you.
You barely miss the goblin.
The goblin shouts!
You grab the goblin. You squeeze the goblin.
You kill the goblin!
The goblin closely misses you. The quokka completely misses you.
The kobold closely misses you.
You closely miss the goblin. You grab the goblin. You constrict the goblin.
Robin roars a battlecry!
The goblins go into a battle-frenzy!
The goblin hits you with a dagger. The quokka bites you.
* * * LOW HITPOINT WARNING * * *
The goblin hits you with a dagger.
* * * LOW HITPOINT WARNING * * *
The kobold closely misses you.
You hit the goblin but do no damage.
The goblin is moderately wounded.
You constrict the goblin, but do no damage.
The goblin hits you but does no damage. The goblin hits you with a dagger.
You die...

#.............g.
#..........#..g
+..........# .g
#...!...g..#
#..........#
#....gg....#
#....ggg..(#
####)..gggKg..#...
.......gr@g.......
#############.####
#


You could see Robin, a quokka, 3 hobgoblins, 8 goblins and a kobold.

Vanquished Creatures
  2 adders (D:2)
  A giant mite (D:1)
  An ooze (D:1)
  2 giant cockroaches (D:1)
  2 goblins
  6 hobgoblins (D:1)
  4 jackals (D:1)
  2 bats (D:1)
  2 kobolds
  2 rats (D:1)
24 creatures vanquished.

Notes
Turn   | Place    | Note
--------------------------------------------------------------
     0 | D:1      | MrGream, the Octopode Assassin, began the quest for the Orb.
     0 | D:1      | Reached XP level 1. HP: 14/14 MP: 1/1
   365 | D:1      | Reached XP level 2. HP: 14/19 MP: 2/2
   910 | D:1      | Reached XP level 3. HP: 23/25 MP: 3/3
  1119 | D:2      | Upgraded the game from 0.17-a0-157-g289cc6a to 0.17-a0-227-gf5308cc
  1175 | D:2      | Noticed Robin
  1197 | D:2      | Slain by a goblin

Action                   || total
-------------------------++-------
Melee: Dagger            ||    48
 Stab: Sleeping          ||     8
  Eat: Bread ration      ||     1
